 Dungeon Crawl Stone Soup version 0.29.0-4-gdea44cf6ec (webtiles) character file.

Game seed: 3384933089709572645

18 qw the Chopper (level 2, -1/17 HPs)
             Began as a Tengu Warper on Aug 28, 2022.
             Killed by divine providence
             ... invoked by an orc priest
              (12 damage)
             ... on level 2 of the Dungeon.
             The game lasted 00:00:03 (1169 turns).

qw the Chopper (Tengu Warper)                       Turns: 1169, Time: 00:00:04

Health: -1/17      AC:  3    Str: 11    XL:     2   Next: 66%
Magic:  6/6        EV: 11    Int: 13    God:
Gold:   8          SH:  0    Dex: 13    Spells: 5/5 levels left

rFire   . . .      SeeInvis .   a - +0 hand axe
rCold   . . .      Faith    .   (no shield)
rNeg    . . .      Spirit   .   b - +0 leather armour
rPois   .          Reflect  .   (helmet restricted)
rElec   .          Harm     .   (no cloak)
rCorr   .          Rampage  .   (no gloves)
Will    .....                   (boots unavailable)
Stlth   +.........              (no amulet)
HPRegen 0.05/turn               (no ring)
MPRegen 0.10/turn               (no ring)

@: no status effects
A: beak, talons 3
a: no special abilities


You were on level 2 of the Dungeon.
You visited 1 branch of the dungeon, and saw 2 of its levels.

You collected 56 gold pieces.
You spent 48 gold pieces at shops.


Innate Abilities, Weirdness & Mutations

You have a beak for a mouth.
You have claws for feet.


   Skills:
 - Level 2.0 Fighting
 + Level 3.5 Axes
 - Level 1.0 Throwing
 - Level 1.1 Armour
 - Level 2.1 Dodging
 - Level 2.0 Spellcasting
 - Level 2.4 Translocations


You had 5 spell levels left.
You didn't know any spells.
Your spell library contained the following spells:

 Spells                   Type           Power      Damage    Failure   Level
 Blink                    Tloc           14%        N/A       19%         2
 Gell's Gravitas          Tloc           7%         N/A       36%         3
 Lesser Beckoning         Tloc           7%         N/A       36%         3
 Teleport Other           Tloc           7%         N/A       36%         3
 Manifold Assault         Tloc           7%         N/A       98%         5

Inventory:

Hand Weapons
 a - a +0 hand axe (weapon)
Armour
 b - a +0 leather armour (worn)
Scrolls
 c - 2 scrolls of identify
Potions
 d - a potion of mutation {unknown}
 e - a potion of degeneration {unknown}
 f - a potion of heal wounds {unknown}
 g - a potion of curing

Dungeon Overview and Level Annotations

Branches:
Dungeon (2/15)

Altars:
Zin

Shops:
D:2 ?


Message History

There is an open door here.
There is a stone staircase leading down here.
You climb downwards.
Found a glowing silver altar of Zin.
There is a stone staircase leading up here.
Existing waypoints: (2) D:1 Assign waypoint to what number? (0-9, D - delete waypoint) Waypoint 1 assigned to D:2.
An endoplasm comes into view.
The endoplasm quivers.
You slash the endoplasm!
You kill the endoplasm!
You open the door.
There is an open door here.
An orc priest and 2 orcs come into view.
The orc priest shouts!
The orc shouts!
You hear a shout!
The orc shouts!
An orc comes into view. It is wielding a +0 mace.
Enter note:
1166 ||| Stepping ~*~*~tactically~*~*~ (hiding).
The orc throws a boomerang.
The boomerang hits you.
An orc wizard comes into view. It is wielding a +0 dagger.
Found a potion of curing.
There is an entrance to Bichirucs's Magic Scroll Shoppe here.
1168 ||| BUYING 2 scrolls of identify (48 gold).
c - 2 scrolls of identify Thank you for shopping at Bichirucs's Magic Scroll Shoppe!
1168 ||| SHOPLISTING scroll of teleportation (36 gold, have 8).
You can access your shopping list by pressing '$'.
You hit the orc. You claw the orc.
You kill the orc!
You hit the orc. The orc completely misses you.
The orc wizard shouts!
You hit the orc.
You kill the orc!
The orc priest mumbles some strange prayers to Beogh against you.
Beogh smites you!
Ouch! That really hurt!
You die...

........####
#######'###
..........# #####
#######.....#
....###.#.........#
#oo.#............#
##+#.o#.#..#.###....#
.....#.))#.#.# #....#
#..@..##.# ######
.....#...#.#.#
......#.#..#.#
.......#...#..
....... ...+..
....... !#.#..
####### ##.. #+#


You could see an orc priest, an orc wizard and an orc.

Vanquished Creatures
  2 orcs (D:2)
  3 endoplasms
  A hobgoblin (D:1)
  2 kobolds (D:1)
  A quokka (D:1)
  3 ball pythons (D:1)
  2 bats (D:1)
  2 frilled lizards (D:1)
  2 rats (D:1)
18 creatures vanquished.

Notes
Turn   | Place    | Note
-------+----------+-------------------------------------------
     0 | D:1      | qw the Tengu Warper began the quest for the Orb.
     0 | D:1      | Reached XP level 1. HP: 12/12 MP: 4/4
     0 | D:1      | 0 ||| qw: Version: 0.1-a-89-g26bdef1
     0 | D:1      | 0 ||| qw: Game counter: 306
     0 | D:1      | 0 ||| qw: Always use a shield: true
     0 | D:1      | 0 ||| qw: God list: Okawaru
     0 | D:1      | 0 ||| qw: Allow faded altars: false
     0 | D:1      | 0 ||| qw: Do Orc after D:15 true
     0 | D:1      | 0 ||| qw: Do second Lair branch before Depths: true
     0 | D:1      | 0 ||| qw: Lair rune preference: random
     0 | D:1      | 0 ||| qw: Plans: Normal
     0 | D:1      | 0 ||| PLANNING D:1-11
   408 | D:1      | Reached skill level 3 in Axes
   408 | D:1      | Reached XP level 2. HP: 17/17 MP: 6/6
  1079 | D:1      | 1079 ||| DRINKING 2 viscous black potions.
  1080 | D:1      | 1080 ||| DROPPING scroll of blinking.
  1140 | D:2      | Found a glowing silver altar of Zin.
  1160 | D:2      | Found Bichirucs's Magic Scroll Shoppe.
  1166 | D:2      | 1166 ||| Stepping ~*~*~tactically~*~*~ (hiding).
  1168 | D:2      | 1168 ||| BUYING 2 scrolls of identify (48 gold).
  1168 | D:2      | Bought 2 scrolls of identify for 48 gold pieces
  1168 | D:2      | 1168 ||| SHOPLISTING scroll of teleportation (36 gold, have
                  | 8).
  1169 | D:2      | Killed from afar by an orc priest

Levels and vault maps discovered:
D:1:      minmay_arrival_split_and_join, layout_basic
D:2:      layout_basic, ebering_ecumenical_altar_petrified, basic_altar,
          serial_shops, nicolae_diamond_shop

Skill      XL: |  1 |
---------------+----+-----
Axes           | 3 |  3.5
Fighting       | |  2.0
Throwing       | |  1.0
Armour         | |  1.1
Dodging        | |  2.1
Spellcasting   | |  2.0
Translocations | |  2.4

Action                   || total
-------------------------++-------
Melee: Hand axe          ||    26
       Kick              ||     7
       Peck              ||     1
Throw: Boomerang         ||     7
  Use: Potion            ||     1
Armor: Leather armour    ||     2
Dodge: Dodged            ||     5

Table legend:
 A = Non-vault XP
 B = Vault XP
 C = Vault XP percentage of total XP
 D = Non-vault monster count
 E = Vault monster count
 F = Vault count percentage of total count
                 A         B        C        D         E       F
            +---------+---------+-------+---------+---------+-------
      Total |      29 |       0 |   0.0 |      18 |       0 |   0.0
            +---------+---------+-------+---------+---------+-------
        D:1 |      21 |       0 |   0.0 |      15 |       0 |   0.0
        D:2 |       8 |       0 |   0.0 |       3 |       0 |   0.0
            +---------+---------+-------+---------+---------+-------
